TOP OF THE 1ST |
Nassau Rockets batting - Pitching for Hendersonville Hitmen : LHP Francisco Moreno
|
Pitching: LHP Francisco Moreno
|
|
Batting: SHB Howard Parker
|
0-0: SINGLE (Line Drive, 6MD)
|
Batting: RHB Francisco Rincón
|
0-0: Called Strike 0-1: Ball 1-1: Reached on Error, E9 (Flyball, 89M) Howard Parker to second
|
Batting: LHB Andrew Alvarado
|
0-0: Foul Ball, location: 2F 0-1: Ground out 5-3 (Groundball, 15S) Howard Parker to third Francisco Rincón to second
|
Batting: LHB Doug Thompson
|
0-0: Called Strike 0-1: Swinging Strike 0-2: Foul Ball, location: 2F 0-2: Ground out 4-3 (Groundball, 34) Howard Parker scores Francisco Rincón to third
|
Batting: LHB Don Ramey
|
0-0: Ball 1-0: Foul Ball, location: 2F 1-1: SINGLE (Line Drive, 3D) Francisco Rincón scores
|
Batting: RHB José Hernández
|
0-0: Hit by Pitch Don Ramey to second
|
Batting: RHB Pete Harvey
|
0-0: SINGLE (Line Drive, 56D) Don Ramey to third José Hernández to second Runner from 3rd tries for Home, SAFE, no throw or cutoff
|
Batting: RHB Victor Andrews
|
0-0: Foul Ball, location: 2F 0-1: Called Strike 0-2: Fly out, F8 (Flyball, 8LM)
|
Top of the 1st over - 3 run(s), 3 hit(s), 1 error(s), 2 left on base; Nassau 3 - Hendersonville 0 |
BOTTOM OF THE 1ST |
Hendersonville Hitmen batting - Pitching for Nassau Rockets : RHP Chris Marshall
|
Pitching: RHP Chris Marshall
|
|
Batting: RHB Eduardo García
|
0-0: Ball 1-0: Ball 2-0: Ball 3-0: Base on Balls
|
Batting: LHB Lorenzo Quintanilla
|
0-0: Ball 1-0: Foul Ball, location: 2F 1-1: Called Strike 1-2: Strikes out swinging
|
Batting: RHB Manolo Román
|
0-0: 2-RUN HOME RUN (Flyball, 7LD), Distance : 434 ft
|
Batting: LHB Tony Abete
|
0-0: Ball 1-0: Ball 2-0: Ground out 3-1 (Groundball, 23)
|
Batting: RHB Robert Buckley
|
0-0: Called Strike 0-1: Swinging Strike 0-2: Ball 1-2: Strikes out looking
|
Bottom of the 1st over - 2 run(s), 1 hit(s), 0 error(s), 0 left on base; Nassau 3 - Hendersonville 2 |
TOP OF THE 2ND |
Nassau Rockets batting - Pitching for Hendersonville Hitmen : LHP Francisco Moreno
|
Batting: LHB Rafael Delgado
|
0-0: Ball 1-0: Called Strike 1-1: Ground out 6-3 (Groundball, 6)
|
Batting: SHB Howard Parker
|
0-0: Ball 1-0: Ball 2-0: Foul Ball, location: 2F 2-1: Swinging Strike 2-2: Strikes out swinging
|
Batting: RHB Francisco Rincón
|
0-0: Called Strike 0-1: Swinging Strike 0-2: Ball 1-2: Strikes out looking
|
Top of the 2nd over - 0 run(s), 0 hit(s), 0 error(s), 0 left on base; Nassau 3 - Hendersonville 2 |
BOTTOM OF THE 2ND |
Hendersonville Hitmen batting - Pitching for Nassau Rockets : RHP Chris Marshall
|
Batting: RHB Felipe Rivera
|
0-0: Swinging Strike 0-1: Called Strike 0-2: Ball 1-2: Ball 2-2: Fly out, F9 (Flyball, 9S)
|
Batting: RHB Bill Mark
|
0-0: Called Strike 0-1: Ball 1-1: Foul Ball, location: 2F 1-2: Ball 2-2: Ball 3-2: Fly out, F3 (Popup, 3F)
|
Batting: RHB Taylor McFarland
|
0-0: Ball 1-0: Called Strike Reached via error on a dropped throw, E1
|
Batting: RHB Robert Bly
|
0-0: Ball 1-0: Ball 2-0: Foul Ball, location: 2F 2-1: Called Strike 2-2: Foul Ball, location: 2F 2-2: Ball 3-2: Fly out, F7 (Flyball, 7D)
|
Bottom of the 2nd over - 0 run(s), 0 hit(s), 1 error(s), 1 left on base; Nassau 3 - Hendersonville 2 |
TOP OF THE 3RD |
Nassau Rockets batting - Pitching for Hendersonville Hitmen : LHP Francisco Moreno
|
Batting: LHB Andrew Alvarado
|
0-0: Ball 1-0: Ball 2-0: Ball 3-0: Called Strike 3-1: Swinging Strike 3-2: DOUBLE (Line Drive, 9LS)
|
Batting: LHB Doug Thompson
|
0-0: Called Strike 0-1: Ball 1-1: Swinging Strike 1-2: Foul Ball, location: 2F 1-2: Ball 2-2: Foul Ball, location: 2F 2-2: Strikes out swinging
|
Batting: LHB Don Ramey
|
0-0: Foul Ball, location: 2F 0-1: Foul Ball, location: 2F 0-2: Ball 1-2: Strikes out swinging
|
Batting: RHB José Hernández
|
0-0: Ball 1-0: Ground out 6-3 (Groundball, 6)
|
Top of the 3rd over - 0 run(s), 1 hit(s), 0 error(s), 1 left on base; Nassau 3 - Hendersonville 2 |
BOTTOM OF THE 3RD |
Hendersonville Hitmen batting - Pitching for Nassau Rockets : RHP Chris Marshall
|
Batting: RHB Eduardo García
|
0-0: Foul Ball, location: 2F 0-1: Ball 1-1: Called Strike 1-2: Ball 2-2: Ball 3-2: Base on Balls
|
Batting: LHB Lorenzo Quintanilla
|
0-0: Called Strike 0-1: Ball 1-1: Swinging Strike 1-2: Foul Ball, location: 2F 1-2: Strikes out swinging
|
Batting: RHB Manolo Román
|
0-0: Called Strike Eduardo García steals 2nd base 0-1: Ball 1-1: DOUBLE (Flyball, 89XD) Eduardo García scores
|
Batting: LHB Tony Abete
|
0-0: Ball 1-0: Ball 2-0: Called Strike 2-1: Ball 3-1: Called Strike 3-2: Foul Ball, location: 2F 3-2: Strikes out looking
|
Batting: RHB Robert Buckley
|
0-0: Fly out, F8 (Flyball, 8LXD)
|
Bottom of the 3rd over - 1 run(s), 1 hit(s), 0 error(s), 1 left on base; Nassau 3 - Hendersonville 3 |
TOP OF THE 4TH |
Nassau Rockets batting - Pitching for Hendersonville Hitmen : LHP Francisco Moreno
|
Batting: RHB Pete Harvey
|
0-0: Called Strike 0-1: Ball 1-1: Ball 2-1: Foul Ball, location: 2F 2-2: SINGLE (Groundball, 56D)
|
Batting: RHB Victor Andrews
|
0-0: Ground out 5-3 (Groundball, 5L) Pete Harvey to second
|
Batting: LHB Rafael Delgado
|
0-0: Foul Ball, location: 2F 0-1: Foul Ball, location: 2F 0-2: Ball 1-2: Foul Ball, location: 2F 1-2: Ground out 6-3 (Groundball, 6)
|
Batting: SHB Howard Parker
|
0-0: Foul Ball, location: 2F 0-1: Called Strike 0-2: Ground out 5-3 (Groundball, 56S)
|
Top of the 4th over - 0 run(s), 1 hit(s), 0 error(s), 1 left on base; Nassau 3 - Hendersonville 3 |
BOTTOM OF THE 4TH |
Hendersonville Hitmen batting - Pitching for Nassau Rockets : RHP Chris Marshall
|
Batting: RHB Felipe Rivera
|
0-0: Called Strike 0-1: Ground out U3 (Groundball, 3S)
|
Batting: RHB Bill Mark
|
0-0: Called Strike 0-1: Foul Ball, location: 2F 0-2: Ball 1-2: Fly out, F5 (Popup, 5SF)
|
Batting: RHB Taylor McFarland
|
0-0: Called Strike 0-1: Foul Ball, location: 2F 0-2: Ball 1-2: Ground out 6-3 (Groundball, 6)
|
Bottom of the 4th over - 0 run(s), 0 hit(s), 0 error(s), 0 left on base; Nassau 3 - Hendersonville 3 |
TOP OF THE 5TH |
Nassau Rockets batting - Pitching for Hendersonville Hitmen : LHP Francisco Moreno
|
Batting: RHB Francisco Rincón
|
0-0: SINGLE (Line Drive, 89S)
|
Batting: LHB Andrew Alvarado
|
0-0: DOUBLE (Groundball, 5L) Francisco Rincón to third
|
Batting: LHB Doug Thompson
|
0-0: Ball 1-0: Called Strike 1-1: Ball 2-1: Ground out 4-3 (Groundball, 34)
|
Batting: LHB Don Ramey
|
0-0: Ball 1-0: Ground out U3 (Groundball, 3L)
|
Batting: RHB José Hernández
|
0-0: Called Strike 0-1: DOUBLE (Line Drive, 8LD) Francisco Rincón scores Andrew Alvarado scores
|
Batting: RHB Pete Harvey
|
0-0: Foul Ball, location: 2F 0-1: Swinging Strike 0-2: Ball 1-2: Strikes out swinging
|
Top of the 5th over - 2 run(s), 3 hit(s), 0 error(s), 1 left on base; Nassau 5 - Hendersonville 3 |
BOTTOM OF THE 5TH |
Hendersonville Hitmen batting - Pitching for Nassau Rockets : RHP Chris Marshall
|
Batting: RHB Robert Bly
|
0-0: Called Strike 0-1: Ball 1-1: Fly out, F9 (Popup, 34D)
|
Batting: RHB Eduardo García
|
0-0: Ground out 5-3 (Groundball, 5)
|
Batting: LHB Lorenzo Quintanilla
|
0-0: Foul Ball, location: 2F 0-1: Swinging Strike 0-2: Foul Ball, location: 2F 0-2: Ball 1-2: Ball 2-2: Ball 3-2: Foul Ball, location: 2F 3-2: Foul Ball, location: 2F 3-2: Ground out 4-3 (Groundball, 4)
|
Bottom of the 5th over - 0 run(s), 0 hit(s), 0 error(s), 0 left on base; Nassau 5 - Hendersonville 3 |
TOP OF THE 6TH |
Nassau Rockets batting - Pitching for Hendersonville Hitmen : LHP Francisco Moreno
|
Batting: RHB Victor Andrews
|
0-0: Ball 1-0: Called Strike 1-1: Ball 2-1: Foul Ball, location: 2F 2-2: Ball 3-2: Strikes out swinging
|
Batting: LHB Rafael Delgado
|
0-0: Ground out 4-3 (Groundball, 4)
|
Batting: SHB Howard Parker
|
0-0: Called Strike 0-1: Ball 1-1: Called Strike 1-2: Ball 2-2: Foul Ball, location: 2F 2-2: Foul Ball, location: 2F 2-2: Ball 3-2: Foul Ball, location: 2F 3-2: Base on Balls
|
Batting: RHB Francisco Rincón
|
0-0: Called Strike 0-1: Foul Ball, location: 2F 0-2: Ball 1-2: Ball 2-2: Foul Ball, location: 2F 2-2: Ball 3-2: Strikes out swinging
|
Top of the 6th over - 0 run(s), 0 hit(s), 0 error(s), 1 left on base; Nassau 5 - Hendersonville 3 |
BOTTOM OF THE 6TH |
Hendersonville Hitmen batting - Pitching for Nassau Rockets : RHP Chris Marshall
|
Batting: RHB Manolo Román
|
0-0: Called Strike 0-1: Ball 1-1: Ball 2-1: SINGLE (Groundball, 4MD)
|
Batting: LHB Tony Abete
|
0-0: Called Strike 0-1: Foul Ball, location: 2F 0-2: Strikes out swinging
|
Batting: RHB Robert Buckley
|
0-0: Ball 1-0: Swinging Strike 1-1: Foul Ball, location: 2F 1-2: Foul Ball, location: 2F 1-2: SINGLE (Line Drive, 9LS) Manolo Román to second
|
Batting: RHB Felipe Rivera
|
0-0: Called Strike 0-1: Ball 1-1: SINGLE (Line Drive, 7S) Manolo Román to third Robert Buckley to second
|
Batting: RHB Bill Mark
|
0-0: Called Strike 0-1: SINGLE (Groundball, 56D) Manolo Román scores Robert Buckley to third Felipe Rivera to second
|
Batting: RHB Taylor McFarland
|
0-0: Called Strike 0-1: Ball 1-1: Grounds into double play, 1-2-3 (Groundball, 13)
|
Bottom of the 6th over - 1 run(s), 4 hit(s), 0 error(s), 2 left on base; Nassau 5 - Hendersonville 4 |
TOP OF THE 7TH |
Nassau Rockets batting - Pitching for Hendersonville Hitmen : LHP Francisco Moreno
|
Pitching: LHP Alfonso Ramos
|
|
Batting: LHB Andrew Alvarado
|
0-0: Ball 1-0: Fly out, F6 (Popup, 6)
|
Batting: LHB Doug Thompson
|
0-0: Called Strike 0-1: Called Strike 0-2: Ball 1-2: SINGLE (Groundball, 56D)
|
Batting: LHB Don Ramey
|
0-0: Fielders Choice at 2nd, 4-6 (Groundball, 34)
|
Batting: RHB José Hernández
|
0-0: Ball 1-0: Foul Ball, location: 2F 1-1: Foul Ball, location: 2F 1-2: Ball 2-2: SINGLE (Groundball, 4MD) (infield hit) Don Ramey to second
|
Batting: RHB Pete Harvey
|
0-0: Ball 1-0: Called Strike 1-1: Ball 2-1: DOUBLE (Line Drive, 5D) Don Ramey scores José Hernández to third
|
Batting: RHB Victor Andrews
|
0-0: Ball 1-0: Called Strike 1-1: Swinging Strike 1-2: Strikes out swinging
|
Top of the 7th over - 1 run(s), 3 hit(s), 0 error(s), 2 left on base; Nassau 6 - Hendersonville 4 |
BOTTOM OF THE 7TH |
Hendersonville Hitmen batting - Pitching for Nassau Rockets : RHP Chris Marshall
|
Pitching: RHP Juan Franco
|
|
Batting: RHB Robert Bly
|
0-0: Foul Ball, location: 2F 0-1: Ball 1-1: Called Strike 1-2: Ground out 5-3 (Groundball, 5L)
|
Batting: RHB Eduardo García
|
0-0: Ball 1-0: Called Strike 1-1: Ball 2-1: Foul Ball, location: 2F 2-2: Ball 3-2: SINGLE (Line Drive, 9LS)
|
Pitching: LHP Kai-ge Hui
|
|
Batting: LHB Lorenzo Quintanilla
|
0-0: Ball 1-0: Ball 2-0: Called Strike 2-1: Foul Ball, location: 2F 2-2: Foul Ball, location: 2F 2-2: Ball 3-2: Strikes out swinging Eduardo García steals 2nd base Batter strikes out.
|
Batting: RHB Manolo Román
|
0-0: Ball 1-0: Ball Wild Pitch! Eduardo García to third 2-0: Foul Ball, location: 2F 2-1: Ball 3-1: Base on Balls
|
Pitching: RHP José García
|
|
Batting: LHB Tony Abete
|
0-0: Ball 1-0: Ball 2-0: Foul Ball, location: 2F 2-1: Foul Ball, location: 2F 2-2: Ball 3-2: Base on Balls Manolo Román to second
|
Pinch Hitting: SHB David Johnstone
|
0-0: Ground out U3 (Groundball, 3)
|
Bottom of the 7th over - 0 run(s), 1 hit(s), 0 error(s), 3 left on base; Nassau 6 - Hendersonville 4 |
TOP OF THE 8TH |
Nassau Rockets batting - Pitching for Hendersonville Hitmen : LHP Alfonso Ramos
|
Now at 1B: David Johnstone
|
|
Batting: LHB Rafael Delgado
|
0-0: Called Strike 0-1: Foul Ball, location: 2F 0-2: Strikes out looking
|
Batting: SHB Howard Parker
|
0-0: Swinging Strike 0-1: Ball 1-1: Swinging Strike 1-2: Ball 2-2: Foul Ball, location: 2F 2-2: Ball 3-2: Fly out, F8 (Line Drive, 8RM)
|
Batting: RHB Francisco Rincón
|
0-0: Foul Ball, location: 2F 0-1: Ball 1-1: Fly out, F8 (Flyball, 8RS)
|
Top of the 8th over - 0 run(s), 0 hit(s), 0 error(s), 0 left on base; Nassau 6 - Hendersonville 4 |
BOTTOM OF THE 8TH |
Hendersonville Hitmen batting - Pitching for Nassau Rockets : RHP José García
|
Batting: RHB Felipe Rivera
|
0-0: Foul Ball, location: 2F 0-1: Foul Ball, location: 2F 0-2: Ball 1-2: Foul Ball, location: 2F 1-2: Fly out, F6 (Popup, 6M)
|
Batting: RHB Bill Mark
|
0-0: Ball 1-0: Ball 2-0: Foul Ball, location: 2F 2-1: Ball 3-1: SINGLE (Line Drive, 78S)
|
Pitching: RHP Nolan Baker
|
|
Batting: RHB Taylor McFarland
|
0-0: Ball 1-0: Foul Ball, location: 2F 1-1: Ball 2-1: Fly out, F9 (Flyball, 9D)
|
Batting: RHB Robert Bly
|
0-0: Foul Ball, location: 2F 0-1: Called Strike 0-2: Fielders Choice at 2nd, U4 (Groundball, 4M)
|
Bottom of the 8th over - 0 run(s), 1 hit(s), 0 error(s), 1 left on base; Nassau 6 - Hendersonville 4 |
TOP OF THE 9TH |
Nassau Rockets batting - Pitching for Hendersonville Hitmen : LHP Alfonso Ramos
|
Batting: LHB Andrew Alvarado
|
0-0: Called Strike 0-1: Foul Ball, location: 2F 0-2: Ball 1-2: Ball 2-2: Foul Ball, location: 2F 2-2: Strikes out swinging
|
Pitching: RHP Robinson Gonzáles
|
|
Batting: LHB Doug Thompson
|
0-0: Ball 1-0: Swinging Strike 1-1: Ball 2-1: Called Strike 2-2: Fly out, F2 (Popup, 2LF)
|
Batting: LHB Don Ramey
|
0-0: Ground out U3 (Groundball, 3L)
|
Top of the 9th over - 0 run(s), 0 hit(s), 0 error(s), 0 left on base; Nassau 6 - Hendersonville 4 |
BOTTOM OF THE 9TH |
Hendersonville Hitmen batting - Pitching for Nassau Rockets : RHP Nolan Baker
|
Pitching: RHP Terry Adams
|
|
Batting: RHB Eduardo García
|
0-0: Foul Ball, location: 2F 0-1: Ball 1-1: Foul Ball, location: 2F 1-2: Ball 2-2: Ground out 4-3 (Groundball, 4)
|
Batting: LHB Lorenzo Quintanilla
|
0-0: Fly out, F4 (Popup, 4D)
|
Batting: RHB Manolo Román
|
0-0: Ball 1-0: Called Strike 1-1: SINGLE (Line Drive, 56D)
|
Batting: LHB Tony Abete
|
0-0: Ball 1-0: Called Strike 1-1: Swinging Strike 1-2: Ball 2-2: Strikes out looking
|
Bottom of the 9th over - 0 run(s), 1 hit(s), 0 error(s), 1 left on base; Nassau 6 - Hendersonville 4 |
|